AoeStats
← Turquesa-4400

Arabia

510634702Analyzed
1v1 RM · 15h ago on Oct 1, 2026· 56m 5s· 2 players
Game mode
Random Map
Map size
Tiny (2 player)
Population
200
Speed
Normal
Resources
Standard
Victory
Conquest
Starting age
Dark Age
Ending age
Imperial Age
RankedLock teamsTeams togetherTeam positionsShared explorationLock speedFull tech treeHidden civsTurbo modeCheats
Victory
Defeat
🇷🇴 Sicilians · Romania
877
+17
🇦🇷 Koreans · Argentina
906
-17
Romanprost
10:12 Loom
13:36 Feudal Age
14:56 Scale Mail Armor
15:48 Forging
20:06 Horse Collar
20:13 Double-Bit Axe
30:23 Castle Age
29:02 Padded Archer Armor
28:53 Fletching
29:54 Stone Mining
29:54 Gold Mining
30:30 Elite Skirmisher
45:16 Heavy Plow
45:54 Gold Shaft Mining
45:54 Stone Shaft Mining
45:52 Leather Archer Armor
50:34 Bow Saw
53:50 Imperial Age
Turquesa-4400
8:44 Loom
11:17 Feudal Age
13:52 Double-Bit Axe
19:56 Fletching
30:18 Castle Age
30:57 Bodkin Arrow
30:29 Crossbowman
Connection lost

Rejoining the realm…

Still unreachable

The connection could not be restored.

Session expired

The server has moved on; the page needs a fresh start.